Description

Terran Bio Build

Replay - A.I. 1 (Very Easy) v IvyRex - Catalyst LE

Build Order

Get SALT Encoding   

  12  0:02  SCV x2  
  14  0:19  Supply Depot  
  14  0:20  SCV  
  15  0:31  Refinery  
  15  0:32  SCV  
  16  0:47  Barracks  
  16  0:48  SCV x3  Priority SCV Over Troops
  19  1:34  Barracks Reactor  
  19  1:35  Orbital Command  
  19  1:44  Command Center  
  19  1:54  Factory  
  20  2:06  Supply Depot  
  23  2:13  Marine x2  
  23  2:18  Refinery  50% Factory
  26  2:40  Starport  
  26  2:41  Factory Tech Lab  
  30  3:00  Orbital Command  
  34  3:10  Siege Tank  
  38  3:29  Supply Depot  After Orbital Finishes 1 Supply After Another
  41  3:34  Liberator  
  57  4:27  Barracks x2  10 SCV on Natural
  57  4:28  Starport Reactor  
  57  4:29  Refinery x2  
  58  4:30  Engineering Bay  
  67  5:00  Terran Infantry Weapons Level 1  
  71  5:16  Barracks x2  12 SCV on Natural
  72  5:20  Barracks Tech Lab x2  
  76  5:38  Stimpack  
  76  5:39  Combat Shields  
  76  5:43  Medivac x2  
  80  5:54  Supply Depot x2  2 Supply After Another
  87  6:08  Barracks Reactor x2  
  118  7:06  Terran Infantry Armor Level 1  
  130  7:32  Action  Attack at 130 Supply w/ Stim
Spawning Tool Build Advisor. Get it on Overwolf

Go to:

Details

  • Created by: wakeupthetrex
  • Published on: Jul 25, 2018
  • Modified on: Jul 30, 2018
  • Patch: 4.0.0
Show
View Real Time Build Order
Export as new Build Order

Comments (0)

There are no comments. Be the first!

Create an account to comment!